 Dungeon Crawl Stone Soup version 0.23.2-33-g5129a83184 (webtiles) character file.

Game seed: 5011791239229058875

26988 Electrofox the Basher (level 13, -2/95 HPs)
             Began as a Hill Orc Fighter on Aug 3, 2019.
             Was a Priest of Nemelex Xobeh.
             Killed from afar by an orc sorcerer (13 damage)
             ... with a bolt of negative energy
             ... on level 1 of the Orcish Mines.
             The game lasted 02:27:36 (20329 turns).

Electrofox the Basher (Hill Orc Fighter)           Turns: 20329, Time: 02:27:39

Health: -2/95      AC: 17    Str: 25    XL:     13   Next: 29%
Magic:  0/28       EV:  9    Int: 10    God:    Nemelex Xobeh [***...]
Gold:   1253       SH: 12    Dex: 11    Spells: 14/20 levels left

rFire    . . .     SeeInvis .   a - +3 morningstar
rCold    . . .     Gourm    .   c - +0 shield
rNeg     . . .     Faith    .   p - +2 scale mail {MR+}
rPois    .         Spirit   +   F - +0 helmet
rElec    .         Reflect  .   y - +0 cloak
rCorr    .         Harm     .   O - +2 pair of gloves {archery}
MR       +....                  (no boots)
Stlth    ..........             B - amulet of guardian spirit
HPRegen  0.25/turn              q - +4 ring of strength
MPRegen  0.21/turn              N - ring of magical power

@: lethally poisoned (-2 -> -7), drained
A: no striking features
a: Draw Escape, Draw Destruction, Draw Summoning, Triple Draw, Renounce Religion


You were on level 1 of the Orcish Mines.
You worshipped Nemelex Xobeh.
Nemelex Xobeh was most pleased with you.
You were hungry.

You visited 3 branches of the dungeon, and saw 16 of its levels.

You collected 1253 gold pieces.

Inventory:

Hand Weapons
 a - a +3 morningstar (weapon)
 b - a +0 hunting sling
Missiles
 r - 3 javelins (quivered)
 u - 4 curare-tipped needles
 z - 74 sling bullets
Armour
 c - a +0 shield (worn)
 p - a +2 scale mail of magic resistance (worn)
 y - a +0 cloak (worn)
 F - a +0 helmet (worn)
 O - a +2 pair of gloves of archery (worn)
 S - a +1 chain mail of fire resistance
 Z - a +0 plate armour of magic resistance
Magical Staves
 L - an uncursed staff of death
 X - a cursed staff of conjuration {unknown}
Jewellery
 q - a +4 ring of strength (left hand)
 B - an amulet of guardian spirit (around neck)
 E - an uncursed ring of wizardry
 I - an uncursed ring of ice
 J - an uncursed amulet of the acrobat
 N - a ring of magical power (right hand)
Wands
 d - a wand of acid (16)
 n - a wand of iceblast (21)
 x - a wand of random effects (23)
 D - a wand of flame (14)
Scrolls
 h - 2 scrolls of teleportation
 i - 5 scrolls of remove curse
 l - 2 scrolls of blinking
 m - 2 scrolls of fog {unknown}
 o - 5 scrolls of identify
 s - 4 scrolls of amnesia
 t - 2 scrolls of fear {unknown}
 A - 2 scrolls of immolation {unknown}
 M - 2 scrolls of enchant armour
 P - a scroll of random uselessness {unknown}
 Q - 2 scrolls of torment {unknown}
 T - a scroll of magic mapping {unknown}
 U - a scroll of silence {unknown}
Potions
 e - 2 potions of heal wounds
 g - 6 potions of curing
 j - 2 potions of degeneration {unknown}
 k - a potion of agility
 v - a potion of ambrosia {unknown}
 w - 2 potions of invisibility
 C - a potion of flight {unknown}
 G - 2 potions of brilliance
 H - a potion of magic
 K - 3 potions of berserk rage
 V - a potion of resistance {unknown}
 W - a potion of mutation {unknown}
Miscellaneous
 R - a lightning rod (2/4)
Comestibles
 f - 28 rations


   Skills:
 - Level 3.6(2.7) Fighting
   Level 9.2(12.2) Axes
 - Level 13.2(12.8) Maces & Flails
 * Level 11.3(10.2) Armour
 + Level 11.2(10.1) Shields
 - Level 4.0(3.1) Spellcasting
 - Level 6.1(5.2) Necromancy
 * Level 3.4(2.5) Ice Magic
 - Level 5.0(4.0) Invocations


You had 14 spell levels left.
You knew the following spells:

 Your Spells              Type           Power        Failure   Level  Hunger
a - Pain                  Necr           ##..         13%         1    #......
b - Animate Skeleton      Necr           N/A          13%         1    #......
c - Vampiric Draining     Necr           ##........   36%         3    ###....
d - Freeze                Ice            #...         36%         1    #......

Your spell library contained the following spells:

 Spells                   Type           Power        Failure   Level  Hunger
 Throw Frost              Conj/Ice       #.....       67%         2    ###....
 Beastly Appendage        Tmut           #.....       71%         1    #......
 Regeneration             Chrm/Necr      #.........   73%         3    ###....
 Animate Dead             Necr           N/A          77%         4    #####..
 Poisonous Vapours        Pois/Air       #.....       85%         2    ###....
 Sticks to Snakes         Tmut           #.......     85%         2    ###....
 Ozocubu's Armour         Chrm/Ice       #.......     88%         3    ###....
 Spider Form              Tmut/Pois      #.........   97%         3    ###....
 Stone Arrow              Conj/Erth      #.....       97%         3    ###....
 Ice Form                 Ice/Tmut       #.......     99%         4    #####..
 Summon Ice Beast         Ice/Summ       #.......     99%         4    #####..
 Throw Icicle             Conj/Ice       #.......     99%         4    #####..
 Petrify                  Tmut/Erth      #.......     100%        4    #####..
 Blade Hands              Tmut           #.........   100%        5    ######.
 Borgnjor's Vile Clutch   Necr/Erth      #.........   100%        5    ######.
 Deflect Missiles         Chrm/Air       #.........   100%        6    #######


Dungeon Overview and Level Annotations

Branches:
Dungeon (13/15)            Temple (1/1) D:6            Lair (0/6) D:9
    Orc (2/2) D:10            Elf (0/3) Orc:2
 Vaults: D:13-14

Altars:
Ashenzari
Cheibriados
Dithmenos
Elyvilon
Fedhas
Gozag
Hepliaklqana
Kikubaaqudgha
Makhleb
Nemelex Xobeh
Okawaru
Qazlal
Ru
Sif Muna
Trog
Uskayaw
Vehumet
Wu Jian
Xom
Yredelemnul
Zin
The Shining One
Jiyva

Shops:
D:9 *

Portals:
Trove: D:13 (give 15 scrolls of teleportation)

Annotations:
D:6 2 transporters, exclusion: downstairs
D:8 3 runed translucent doors, exclusion: 3 doors, Acheron's ghost, novice DrWn
D:12 2 transporters, exclusion: downstairs, Azrael; NeAGen181's ghost, journeyman HOFi


Message History

The orc wizard casts a spell.
The orc wizard blinks!
The orc wizard casts a spell at you. The magic dart hits you.
* * * LOW HITPOINT WARNING * * *
You puncture the orc sorcerer!
The orc sorcerer is moderately wounded.
You feel sick.
The orc sorcerer hits you but does no damage.
You closely miss the orc sorcerer.
The orc sorcerer is moderately wounded.
You feel sick.
The orc sorcerer hits you but does no damage.
You hit the orc sorcerer.
The orc sorcerer is heavily wounded.
You feel sick. The orc sorcerer casts a spell at you.
The bolt of negative energy hits you!!
You feel drained.
You die...
Your body glows slightly and disappears.

##...................##
#....................##
#.#..................#
###.##.............##.##
##....#........#.#..#.##
#.........#............#
##..................#.##
#.....#.......#..o.##.##
##........#....@<......#
###..#...#....o......##
#####.....#.......##
##.#.....#...##.###
#............#....##
##.#.#.............#
#######.....##...##
##..##.....##
#...#.......#


You could see an orc sorcerer and an orc wizard.

Vanquished Creatures
  A hydra (D:11)
  A centaur warrior (D:11)
  A two-headed ogre (D:13)
  3 orc high priests (Orc:2)
  2 skeletal warriors (D:13)
  A swamp dragon (D:13)
  An unseen horror (D:13)
  2 orc knights
  A deep elf mage (D:13)
  3 ugly things (D:12)
  2 cyclopes
  2 orc sorcerers (Orc:2)
  2 manticores (D:11)
  A centaur zombie (D:12)
  A gargoyle (D:10)
  A hornet (D:7)
  Prince Ribbit (D:7)
  3 hippogriffs
  16 yaks
  A fire elemental (D:12)
  2 wyverns
  4 hogs (D:7)
  A human (D:7)
  A warg (Orc:2)
  2 soldier ants (D:12)
  An acid dragon (D:12)
  A water moccasin (D:6)
  Duvessa (D:7)
  3 hell hounds (D:12)
  A sky beast (D:13)
  2 slaves (D:7)
  17 orc warriors
  2 eyes of draining (D:10)
  A porcupine (D:9)
  3 ice beasts
  5 phantoms
  4 ogres
  2 necrophages
  8 centaurs
  A crocodile (D:11)
  10 bullfrogs
  3 big kobolds
  Dowan (D:7)
  6 scorpions
  A water moccasin zombie (D:12)
  A wyvern skeleton (D:10)
  17 wights
  A killer bee (D:10)
  3 howler monkeys
  8 crimson imps
  A quasit (D:11)
  13 hounds
  4 jellies
  11 orc priests
  13 orc wizards
  2 centaur skeletons
  5 iguanas
  Terence (D:2)
  14 worker ants
  A hound zombie (D:6)
  A howler monkey zombie (D:10)
  11 gnolls
  16 adders
  2 shadow imps
  11 oozes
  An adder zombie (D:7)
  4 worms
  3 dart slugs
  5 leopard geckos
  54 orcs
  5 bats
  3 giant cockroaches (D:1)
  3 goblins
  3 hobgoblins
  11 jackals
  2 quokkas
  A ball python (D:3)
  3 frilled lizards
  19 kobolds
  A quokka zombie (D:5)
  6 rats
389 creatures vanquished.

Vanquished Creatures (collateral kills)
  Fannar (D:10)
  A phantasmal warrior (D:13)
  Pikel (D:7)
  A cyclops (D:10)
  A freezing wraith (D:13)
  A troll (D:11)
  A hippogriff (D:10)
  A shadow (D:12)
  A slave (D:7)
  2 orc warriors (Orc:2)
  2 ogres
  A bullfrog (D:10)
  An orc priest (D:11)
  5 orc wizards
  6 orcs
26 creatures vanquished.

Vanquished Creatures (others)
  A centaur skeleton (D:12)
  A wyvern (D:10)
  An acid dragon (D:10)
  A slave (D:7)
  3 orcs
  5 fungi
  8 toadstools (D:2)
20 creatures vanquished.

Grand Total: 435 creatures vanquished

Notes
Turn   | Place    | Note
-------+----------+-------------------------------------------
     0 | D:1      | Electrofox the Hill Orc Fighter began the quest for the
                  | Orb.
     0 | D:1      | Reached XP level 1. HP: 19/19 MP: 1/1
   587 | D:1      | Reached XP level 2. HP: 26/26 MP: 2/2
   904 | D:2      | Reached XP level 3. HP: 16/31 MP: 3/3
   925 | D:2      | Reached skill level 5 in Axes
  1182 | D:2      | Found a snail-covered altar of Cheibriados.
  1241 | D:2      | Reached XP level 4. HP: 37/39 MP: 4/4
  1331 | D:2      | Found a shadowy altar of Dithmenos.
  1387 | D:2      | Noticed Terence
  1405 | D:2      | Killed Terence
  1778 | D:2      | Reached XP level 5. HP: 41/45 MP: 5/5
  1940 | D:3      | Reached XP level 6. HP: 44/51 MP: 6/6
  2163 | D:3      | Noticed a phantom
  2508 | D:3      | Killed a phantom
  2508 | D:3      | Reached XP level 7. HP: 57/57 MP: 7/7
  2869 | D:3      | Reached skill level 5 in Shields
  3439 | D:4      | Reached skill level 1 in Maces & Flails
  3469 | D:4      | Reached skill level 2 in Maces & Flails
  3792 | D:4      | Reached skill level 3 in Maces & Flails
  3887 | D:4      | Reached skill level 4 in Maces & Flails
  3887 | D:4      | Reached XP level 8. HP: 56/64 MP: 8/8
  4314 | D:5      | Entered Level 5 of the Dungeon
  4397 | D:5      | Reached skill level 5 in Maces & Flails
  4637 | D:5      | Reached skill level 6 in Maces & Flails
  5155 | D:5      | Found a burning altar of Makhleb.
  5155 | D:5      | Found a shattered altar of Ashenzari.
  5192 | D:5      | Reached skill level 7 in Maces & Flails
  5306 | D:6      | Reached skill level 8 in Maces & Flails
  5493 | D:6      | Found a transporter.
  5535 | D:6      | Found a glowing golden altar of the Shining One.
  5538 | D:6      | Found a stormy altar of Qazlal.
  5540 | D:6      | Found a shimmering altar of Xom.
  5579 | D:6      | Reached XP level 9. HP: 70/70 MP: 9/9
  5785 | D:6      | Found a transporter.
  5822 | D:6      | Reached skill level 9 in Maces & Flails
  6187 | D:6      | Learned a level 1 spell: Pain
  6189 | D:6      | Learned a level 1 spell: Animate Skeleton
  6268 | D:6      | Found a staircase to the Ecumenical Temple.
  6278 | Temple   | Entered the Ecumenical Temple
  6293 | Temple   | Became a worshipper of Nemelex Xobeh the Trickster
  6391 | D:6      | Reached skill level 1 in Invocations
  6636 | D:6      | Received a gift from Nemelex Xobeh
  6757 | D:7      | Noticed Dowan
  6758 | D:7      | Noticed Duvessa
  6774 | D:7      | Killed Duvessa
  6780 | D:7      | Killed Dowan
  6805 | D:7      | Noticed Prince Ribbit
  7145 | D:7      | Reached skill level 10 in Maces & Flails
  7365 | D:7      | Noticed Pikel
  7375 | D:7      | Killed Pikel
  7464 | D:7      | Reached skill level 5 in Invocations
  7617 | D:7      | Reached skill level 11 in Maces & Flails
  7647 | D:7      | Reached XP level 10. HP: 74/77 MP: 11/13
  7669 | D:7      | Reached skill level 12 in Maces & Flails
  7888 | D:7      | Reached * piety under Nemelex Xobeh
  8132 | D:7      | Received a gift from Nemelex Xobeh
  8859 | D:7      | Killed Prince Ribbit
  9004 | D:8      | Identified Dutul's Volume of Stones and the Birds
  9495 | D:8      | Found a runed translucent gate.
  9495 | D:8      | Found a runed translucent gate.
  9497 | D:8      | Found a runed translucent gate.
  9499 | D:8      | Noticed Acheron's ghost (novice DrWn)
  9501 | D:8      | Found a viscous altar of Jiyva.
  9612 | D:9      | Received a gift from Nemelex Xobeh
  9813 | D:9      | Reached ** piety under Nemelex Xobeh
  9899 | D:9      | Found Naus's Assorted Antiques.
 10045 | D:9      | Found a staircase to the Lair.
 10457 | D:10     | Entered Level 10 of the Dungeon
 10547 | D:10     | Received a gift from Nemelex Xobeh
 10582 | D:10     | Noticed a gargoyle
 10748 | D:10     | Killed a gargoyle
 11099 | D:10     | Found a staircase to the Orcish Mines.
 11194 | D:10     | Noticed a cyclops
 11225 | D:10     | Reached skill level 13 in Maces & Flails
 11501 | D:10     | Reached skill level 5 in Armour
 11520 | D:10     | Reached XP level 11. HP: 70/82 MP: 12/14
 11544 | D:10     | Noticed Fannar
 11880 | D:10     | Killed Fannar
 12285 | D:10     | Reached skill level 1 in Necromancy
 12399 | D:10     | HP: 4/82 [centaur/arrow (4)]
 12771 | D:10     | Noticed a cyclops
 12793 | D:10     | Killed a cyclops
 12793 | D:10     | Reached skill level 1 in Spellcasting
 13235 | D:11     | Noticed a cyclops
 13258 | D:11     | Killed a cyclops
 13353 | D:11     | Noticed a centaur warrior
 13400 | D:11     | Killed a centaur warrior
 13531 | D:11     | Found a shattered altar of Ashenzari.
 13822 | D:11     | Noticed a manticore
 13837 | D:11     | Killed a manticore
 14248 | D:11     | Noticed a manticore
 14267 | D:11     | Killed a manticore
 14318 | D:11     | Reached *** piety under Nemelex Xobeh
 14399 | D:12     | Noticed Azrael
 14423 | D:12     | Reached XP level 12. HP: 53/90 MP: 15/16
 14646 | D:11     | Noticed a five-headed hydra
 14658 | D:11     | Killed a five-headed hydra
 15130 | D:12     | Reached skill level 5 in Necromancy
 15729 | D:12     | Found a transporter.
 15733 | D:12     | Noticed NeAGen181's ghost (journeyman HOFi)
 15762 | D:12     | Received a gift from Nemelex Xobeh
 16421 | D:12     | Noticed a fire dragon
 16427 | D:12     | Found a transporter.
 16498 | D:12     | Reached skill level 10 in Shields
 16663 | D:13     | Noticed a two-headed ogre
 16690 | D:13     | Killed a two-headed ogre
 16929 | D:13     | Found a portal to a secret trove of treasure.
 17327 | D:13     | Reached skill level 10 in Armour
 17342 | D:13     | Learned a level 3 spell: Vampiric Draining
 17343 | D:13     | Noticed a death knight
 17354 | D:13     | a death knight changed into a swamp dragon
 17745 | D:13     | Noticed a vault guard
 17820 | D:13     | Noticed a vault guard
 17822 | D:13     | Noticed a centaur warrior
 17831 | D:12     | Learned a level 1 spell: Freeze
 18035 | Orc:1    | Entered Level 1 of the Orcish Mines
 18153 | Orc:2    | Entered Level 2 of the Orcish Mines
 18245 | Orc:2    | Reached XP level 13. HP: 95/95 MP: 19/19
 18353 | Orc:2    | Reached skill level 1 in Ice Magic
 18818 | Orc:2    | Found a staircase to the Elven Halls.
 19851 | Orc:2    | Found a staircase to the Elven Halls.
 20329 | Orc:1    | Killed from afar by an orc sorcerer

Skill      XL: |  1  2  3  4  5  6  7  8  9 10 11 12 13 |
---------------+----------------------------------------+-----
Axes           | 3 4 5 6 7 8 9 |  9.2
Shields        | 4 5 7 9 10 11 | 11.2
Maces & Flails | 4 8 11 13 | 13.2
Invocations    | 5 |  5.0
Armour         | 5 7 10 11 | 11.3
Necromancy     | 4 6 |  6.1
Spellcasting   | 3 4 |  4.0
Ice Magic      | 3 |  3.4
Fighting       | |  3.6

Action                   |  1- 3 |  4- 6 |  7- 9 | 10-12 | 13-15 || total
-------------------------+-------+-------+-------+-------+-------++-------
Melee: War axe           |    62 |   134 |    70 |       |       ||   266
       Mace              |       |       |   294 |   370 |       ||   664
       Morningstar       |       |       |       |   537 |   197 ||   734
 Fire: Hunting sling     |       |       |     8 |       |       ||     8
Throw: Javelin           |       |     9 |     8 |    14 |       ||    31
 Cast: Pain              |       |       |       |     5 |     4 ||     9
       Animate Skeleton  |       |       |       |     3 |     9 ||    12
Invok: Triple Draw       |       |       |       |     1 |     1 ||     2
 Abil: Draw Destruction  |       |       |     5 |    15 |     2 ||    22
       Draw Summoning    |       |       |     1 |     8 |     2 ||    11
       Draw Escape       |       |       |       |     3 |     1 ||     4
Evoke: Lightning rod     |       |       |       |     5 |       ||     5
       Wand              |       |       |       |     4 |     1 ||     5
  Use: Potion            |     1 |       |     1 |     2 |     2 ||     6
       Scroll            |       |       |    10 |     7 |     1 ||    18
 Stab: Distracted        |       |       |       |     1 |     1 ||     2
       Confused          |       |       |       |     1 |       ||     1
       Petrifying        |       |       |       |     1 |       ||     1
  Eat: Chunk             |     1 |     4 |    10 |    24 |     3 ||    42
       Ration            |       |       |     2 |     3 |     1 ||     6
Armor: Scale mail        |    20 |    56 |   125 |   268 |    91 ||   560
Dodge: Dodged            |    14 |    38 |   125 |   178 |    55 ||   410
Block: Shield            |    30 |    74 |    33 |   365 |   147 ||   649
       Buckler           |       |       |    49 |    15 |       ||    64
